 Seeded DCSS version 0.28.0 (webtiles) character file.

Game seed: 10379525442082979767 (custom seed)

14 hikkokomori the Ruffian (level 2, 21/21 HPs)
             Began as a Formicid Transmuter on Feb 16, 2022.
             Quit the game on level 1 of the Dungeon.
             The game lasted 00:01:48 (1058 turns).

hikkokomori the Ruffian (Formicid Transmuter)       Turns: 1058, Time: 00:01:49

Health: 21/21      AC:  2    Str: 14    XL:     2   Next: 60%
Magic:  5/5        EV: 12    Int: 12    God:
Gold:   10         SH:  0    Dex: 11    Spells: 4/5 levels left

rFire   . . .      SeeInvis +     - Unarmed
rCold   . . .      Faith    .   (no shield)
rNeg    . . .      Spirit   .   a - +0 robe
rPois   .          Reflect  .   (helmet unavailable)
rElec   .          Harm     .   (no cloak)
rCorr   .          Rampage  .   (no gloves)
Will    .....                   (no boots)
Stlth   +.........              (no amulet)
HPRegen 0.07/turn               (no ring)
MPRegen 0.09/turn               (no ring)

@: no status effects
A: permanent stasis, dig shafts and tunnels, antennae 3, four strong arms
a: Dig, Shaft Self


You were on level 1 of the Dungeon.
You visited 1 branch of the dungeon, and saw 1 of its levels.

You collected 10 gold pieces.

Inventory:

Armour
 a - a +0 robe (worn)
Scrolls
 d - a scroll of immolation {unknown}
 e - 2 scrolls of teleportation {unknown}
Potions
 b - a potion of degeneration {unknown}
 c - a potion of curing {unknown}


   Skills:
 + Level 1.5 Fighting
 + Level 2.0 Dodging
 - Level 3.0 Unarmed Combat
 + Level 2.4 Spellcasting
 + Level 2.4 Transmutations


You had 4 spell levels left.
You knew the following spells:

 Your Spells              Type           Power      Damage    Failure   Level
a - Beastly Appendage     Tmut           14%        N/A       10%         1

Your spell library contained the following spells:

 Spells                   Type           Power      Damage    Failure   Level
 Wereblood                Tmut           7%         N/A       14%         2
 Spider Form              Tmut/Pois      4%         N/A       43%         3
 Ice Form                 Ice/Tmut       4%         N/A       83%         4


Dungeon Overview and Level Annotations

Branches:
Dungeon (1/15)

Altars:


Innate Abilities, Weirdness & Mutations

You cannot be hasted, slowed, berserked, paralysed or teleported.
You can dig through walls and to a lower floor.
You have a pair of large antennae on your head. (SInv)
Your four strong arms can wield two-handed weapons with a shield.


Message History

The kobold is heavily wounded.
The kobold hits you with a +0 short sword.
You are too injured to fight recklessly!
You are too injured to fight recklessly!
You are too injured to fight recklessly!
You are too injured to fight recklessly!
You are too injured to fight recklessly!
You are too injured to fight recklessly!
You are too injured to fight recklessly!
You are too injured to fight recklessly!
You are too injured to fight recklessly!
You are too injured to fight recklessly!
You are too injured to fight recklessly!
You are too injured to fight recklessly!
You are too injured to fight recklessly!
Casting: Beastly Appendage (safe; 10% risk of failure)
Confirm with . or Enter, or press ? or * to list all spells.
Your feet morph into talons.
The kobold hits you with a +0 short sword.
* * * LOW HITPOINT WARNING * * *
You hit the kobold but do no damage. Your kick misses the kobold.
The kobold is heavily wounded.
The kobold hits you with a +0 short sword.
* * * LOW HITPOINT WARNING * * *
You closely miss the kobold. You claw the kobold, but do no damage.
The kobold is moderately wounded.
The kobold hits you with a +0 short sword.
* * * LOW HITPOINT WARNING * * *
You hit the kobold.
You kill the kobold!
Things that are here:
a +0 short sword; 4 stones Your transformation is almost over.
You now have 10 gold pieces.
Your talons disappear.
Key pressed, stopping explore.
Done exploring.
Done exploring.
Done exploring.
Are you sure you want to abandon this character and quit the game? (Confirm with "yes".)

#.# ###.....###.###
#.#######..............
#................).....
##########..............
#........#..............
##.#.###.#..............
#.#...#.#.......###....
#.##.##.#.......# #.###
#.#...@.#.......# #.###
#.#######.......# #....
#..........###### #####
##########.# #.# #.#
.♣♣....♣P #.#PP♣PPP.♣...
#.#P.PPP...P.. #.#


.PP.PPPPPP There were no monsters in sight!

Vanquished Creatures
  A dart slug (D:1)
  A giant cockroach (D:1)
  A hobgoblin (D:1)
  A quokka (D:1)
  A ball python (D:1)
  2 bats (D:1)
  2 frilled lizards (D:1)
  2 kobolds (D:1)
  2 rats (D:1)
13 creatures vanquished.

Notes
Turn   | Place    | Note
-------+----------+-------------------------------------------
     0 | D:1      | hikkokomori the Formicid Transmuter began the quest for the
                  | Orb.
     0 | D:1      | Reached XP level 1. HP: 15/15 MP: 3/3
   222 | D:1      | Reached XP level 2. HP: 19/21 MP: 5/5
  1058 | D:1      | Quit the game

Illustrated notes

Levels and vault maps discovered:
D:1:      minmay_arrival_arboretum_small, layout_basic

Skill      XL: |  1  2 |
---------------+-------+-----
Dodging        | 2 |  2.0
Fighting       | |  1.5
Unarmed Combat | |  3.0
Spellcasting   | |  2.4
Transmutations | |  2.4

Action                   || total
-------------------------++-------
Melee: Unarmed           ||    51
       Kick              ||     2
       Punch             ||     1
 Cast: Beastly Appendage ||     5
Armor: Robe              ||    15
Dodge: Dodged            ||    22
